 Dungeon Sprint DCSS version 0.19-a0-811-gf4045fb (webtiles) character file.

7661 Musica the Warrior (level 10, -12/115 HPs)
             Began as a Minotaur Fighter on June 28, 2016.
             Was a Follower of Hepliaklqana.
             Mangled by a death yak (21 damage)
             ... in the Dungeon (Sprint IX: "|||||||||||||||||||||||||||||").
             The game lasted 00:05:59 (1366 turns).

Musica the Warrior (Minotaur Fighter)               Turns: 1366, Time: 00:05:59

Health: -12/115    AC: 16    Str: 24    XL:     10   Next: 99%
Magic:  18/18      EV:  6    Int:  5    God:    Hepliaklqana [*.....]
Gold:   0          SH: 10    Dex: 13    Spells: 0 memorised, 9 levels left

rFire  . . .     SeeInvis .     p - +2 morningstar (protect)
rCold  . . .     Gourm    .     q - +1 chain mail
rNeg   . . .     Faith    .     c - +0 shield
rPois  .         Spirit   .     (helmet restricted)
rElec  .         Dismiss  .     (no cloak)
rCorr  .         Reflect  .     (no gloves)
SustAt .         Harm     .     a - +0 pair of boots
MR     .....     NoTele   +     (no amulet)
Stlth  ..........               (no ring)
                                r - +3 ring of strength

@: very slightly contaminated, not resistant to hostile enchantments, extremely
unstealthy
A: retaliatory headbutt, horns 2
a: Recall Ancestor, Ancestor Identity, Renounce Religion


You were in the Dungeon.
You worshipped Hepliaklqana.
Hepliaklqana was aware of your devotion.
You were hungry.

You visited 1 branch

Inventory:

Hand Weapons
 p - a +2 morningstar of protection (weapon)
Armour
 a - a +0 pair of boots (worn)
 c - a +0 shield (worn)
 q - a +1 chain mail (worn)
Jewellery
 b - a +3 ring of intelligence
 r - a +3 ring of strength (left hand)
Wands
 j - a wand of random effects (31/48)
 o - a wand of iceblast (5/15)
Scrolls
 k - 3 scrolls of blinking
 m - 4 scrolls of remove curse
 n - 2 scrolls of amnesia
 v - a scroll of identify
 w - 2 scrolls of enchant armour
 x - a scroll of fog
 y - a scroll of recharging
Potions
 e - 6 potions of curing
 g - 3 potions of heal wounds
 i - 4 potions of magic
 l - a potion of invisibility
 s - a potion of brilliance
 t - a potion of agility
Comestibles
 f - 2 bread rations
 u - a fruit


   Skills:
 + Level 19.3 Fighting
 + Level 17.3 Maces & Flails
 - Level 4.5 Armour
 - Level 4.4 Shields
 * Level 12.8 Invocations


You had 9 spell levels left.
You didn't know any spells.

Dungeon Overview and Level Annotations

Branches:
Dungeon (1/1)

Altars:
Cheibriados
Dithmenos
Elyvilon
Fedhas
Gozag
Hepliaklqana
Kikubaaqudgha
Makhleb
Nemelex Xobeh
Okawaru
Pakellas
Qazlal
Ru
Sif Muna
Trog
Uskayaw
Vehumet
Xom
Yredelemnul
Zin
The Shining One
Beogh
Jiyva
Lugonu


Innate Abilities, Weirdness & Mutations

You reflexively headbutt those who attack you in melee.
You have a pair of horns on your head.


Message History

You are engulfed in calcifying dust.
The catoblepas barely misses you. You furiously retaliate!
You headbutt the catoblepas!
You kill the catoblepas!
Your Maces & Flails skill increases to level 17!
The death yak gores you!
* * * LOW HITPOINT WARNING * * *
Found a wand of confusion (32/48).
You see here a catoblepas corpse.
You bludgeon the death yak!!
You headbutt the death yak, but do no damage.
The death yak is moderately wounded.
You feel a little less agile now. The death yak gores you!!
* * * LOW HITPOINT WARNING * * *
You puncture the death yak!
The death yak is heavily wounded.
You hit the death yak but do no damage.
The death yak is heavily wounded.
The death yak gores you!!
You die...

▓▓▓▓▓▓▓▓▓▓▓▓▓▓▓▓▓▓▓▓▓▓▓▓
/....YY@§§§........÷.†..
▓▓▓▓▓▓▓▓▓▓▓▓▓▓▓▓▓▓▓▓▓▓▓▓▓▓▓▓▓▓▓▓▓
.................................
▓▓▓▓▓▓▓▓▓▓▓▓▓▓▓▓▓▓▓▓▓▓▓▓▓▓▓▓▓▓▓▓▓
.)).....†..[.[)|..'______________
▓▓▓▓▓▓▓▓▓▓▓▓▓▓▓▓▓▓▓▓▓▓▓▓▓▓▓▓▓▓▓▓▓


You could see a death yak and a yak.

Vanquished Creatures
  A catoblepas (D)
  2 hydras (D)
  2 death yaks (D)
  A griffon (D)
  4 spiny frogs (D)
  A two-headed ogre (D)
  A blink frog (D)
  4 yaks (D)
  Grum (D)
  2 hippogriffs (D)
  2 porcupines (D)
  A water moccasin (D)
  An eye of draining (D)
  4 wolves (D)
  2 giant frogs (D)
  2 howler monkeys (D)
  A jelly (D)
  A crimson imp (D)
  2 hounds (D)
  An iguana (D)
  An adder (D)
  A river rat (D)
  An adder skeleton (D)
  A dart slug (D)
  2 giant geckos (D)
  An orc (D)
  A giant cockroach (D)
  A hobgoblin (D)
  2 jackals (D)
  A giant gecko zombie (D)
  A giant newt (D)
  A quokka zombie (D)
50 creatures vanquished.

Vanquished Creatures (collateral kills)
  A hill giant (D)
1 creature vanquished.

Vanquished Creatures (others)
  2 ancestors (D)
2 creatures vanquished.

Grand Total: 53 creatures vanquished

Notes
Turn   | Place    | Note
--------------------------------------------------------------
     0 | D        | Musica the Minotaur Fighter began the quest for the Orb.
     0 | D        | Reached XP level 1. HP: 19/19 MP: 0/0
     5 | D        | Reached skill level 4 in Fighting
    10 | D        | Reached XP level 2. HP: 28/28 MP: 1/1
    22 | D        | Reached skill level 6 in Fighting
    22 | D        | Reached XP level 3. HP: 32/38 MP: 2/2
    34 | D        | Reached skill level 7 in Fighting
    46 | D        | Found a glowing silver altar of Zin.
    46 | D        | Found a glowing golden altar of the Shining One.
    46 | D        | Found an ancient bone altar of Kikubaaqudgha.
    46 | D        | Found a basalt altar of Yredelemnul.
    46 | D        | Found a shimmering altar of Xom.
    46 | D        | Found a radiant altar of Vehumet.
    47 | D        | Found an iron altar of Okawaru.
    48 | D        | Found a burning altar of Makhleb.
    49 | D        | Found a deep blue altar of Sif Muna.
    50 | D        | Found a bloodstained altar of Trog.
    51 | D        | Found a sparkling altar of Nemelex Xobeh.
    52 | D        | Found a white marble altar of Elyvilon.
    53 | D        | Found a roughly hewn altar of Beogh.
    54 | D        | Found a viscous altar of Jiyva.
    55 | D        | Found a corrupted altar of Lugonu.
    56 | D        | Found a blossoming altar of Fedhas.
    57 | D        | Found a snail-covered altar of Cheibriados.
    58 | D        | Found a shadowy altar of Dithmenos.
    59 | D        | Found a stormy altar of Qazlal.
    60 | D        | Found an opulent altar of Gozag.
    61 | D        | Found a sacrificial altar of Ru.
    62 | D        | Found an oddly glowing altar of Pakellas.
    63 | D        | Found a hide-covered altar of Uskayaw.
    64 | D        | Found a hazy altar of Hepliaklqana.
    72 | D        | Became a worshipper of Hepliaklqana
   111 | D        | Noticed an eye of draining
   116 | D        | Reached skill level 1 in Invocations
   118 | D        | Reached skill level 8 in Fighting
   118 | D        | Reached skill level 5 in Maces & Flails
   118 | D        | Reached XP level 4. HP: 38/49 MP: 0/5
   122 | D        | Reached skill level 9 in Fighting
   125 | D        | Killed an eye of draining
   125 | D        | Reached skill level 10 in Fighting
   125 | D        | Reached skill level 5 in Invocations
   125 | D        | Reached XP level 5. HP: 44/58 MP: 0/7
   212 | D        | Noticed a two-headed ogre
   212 | D        | Noticed a hill giant
   219 | D        | Killed a hill giant
   219 | D        | Reached skill level 13 in Fighting
   219 | D        | Reached skill level 10 in Maces & Flails
   219 | D        | Reached XP level 6. HP: 19/72 MP: 7/11
   219 | D        | Reached XP level 7. HP: 21/79 MP: 7/12
   229 | D        | Killed a two-headed ogre
   644 | D        | Noticed Grum
   650 | D        | Reached skill level 14 in Fighting
   650 | D        | Reached XP level 8. HP: 81/89 MP: 13/13
   656 | D        | Killed Grum
   698 | D        | Reached * piety under Hepliaklqana
   726 | D        | Noticed a spiny frog
   726 | D        | Noticed a blink frog
   726 | D        | Noticed a six-headed hydra
   726 | D        | Noticed a five-headed hydra
   731 | D        | Killed a five-headed hydra
   731 | D        | Reached skill level 15 in Fighting
   731 | D        | Reached skill level 10 in Invocations
   731 | D        | Reached XP level 9. HP: 80/100 MP: 15/15
   738 | D        | Killed a six-headed hydra
   738 | D        | Reached skill level 16 in Fighting
   748 | D        | Killed a spiny frog
   748 | D        | Reached skill level 17 in Fighting
   997 | D        | Noticed a spiny frog
   997 | D        | Noticed a griffon
   997 | D        | Noticed a spiny frog
  1007 | D        | Noticed a spiny frog
  1010 | D        | Reached XP level 10. HP: 68/111 MP: 17/17
  1020 | D        | Killed a spiny frog
  1027 | D        | Killed a griffon
  1027 | D        | Reached skill level 18 in Fighting
  1027 | D        | Reached skill level 15 in Maces & Flails
  1036 | D        | Killed a spiny frog
  1042 | D        | Killed a spiny frog
  1297 | D        | Noticed a death yak
  1297 | D        | Noticed a death yak
  1307 | D        | Noticed a catoblepas
  1312 | D        | Killed a death yak
  1313 | D        | Noticed a death yak
  1321 | D        | Killed a death yak
  1338 | D        | Reached skill level 19 in Fighting
  1362 | D        | Killed a catoblepas
  1366 | D        | Mangled by a death yak

Vault maps used:
D:        linesprint

Skill      XL: |  1  2  3  4  5  6  7  8  9 10 |
---------------+-------------------------------+-----
Armour         | 4 |  4.5
Fighting       | 4 6 8 10 13 14 15 17 19 | 19.3
Shields        | 4 |  4.4
Maces & Flails | 4 5 7 10 12 14 17 | 17.3
Invocations    | 2 5 8 10 11 12 | 12.8

Action                   |  1- 3 |  4- 6 |  7- 9 | 10-12 || total
-------------------------+-------+-------+-------+-------++-------
Melee: Flail             |    29 |       |       |       ||    29
       Headbutt          |     6 |     1 |    15 |    27 ||    49
       Morningstar       |     7 |    12 |    60 |    67 ||   146
Invok: Recall Ancestor   |       |       |       |     3 ||     3
Evoke: Wand              |       |       |     2 |       ||     2
  Use: Potion            |       |       |     3 |     4 ||     7
 Stab: Petrified         |       |       |       |     1 ||     1
  Eat: Chunk             |       |       |       |     2 ||     2
Armor: Scale mail        |    11 |       |       |       ||    11
       Chain mail        |     5 |     1 |    38 |    21 ||    65
Dodge: Dodged            |     7 |       |    15 |     6 ||    28
Block: Shield            |    18 |     4 |    38 |    11 ||    71
